 Dungeon Crawl Stone Soup version 0.28.0-49-g6dfe1f597d (webtiles) character file.

Game seed: 15823945738728154337

37215 Peloso the Fencer (level 13, -2/114 (123) HPs)
             Began as a Minotaur Fighter on May 17, 2022.
             Was the Champion of Okawaru.
             Slain by a spectral anaconda (9 damage)
             ... called from beyond by a revenant
             ... on level 2 of the Abyss.
             The game lasted 00:30:02 (17780 turns).

Peloso the Fencer (Minotaur Fighter)               Turns: 17780, Time: 00:30:03

HP:   -2/114 (123)  AC: 25    Str: 23    XL:     13   Next: 57%
MP:   12/14         EV: 14    Int:  8    God:    Okawaru [******]
Gold: 1144          SH: 14    Dex: 19    Spells: 12/12 levels left

rFire   . . .      SeeInvis .   a - +10 long sword of the Sky {vorpal, Stlth+}
rCold   + + +      Faith    .   c - +0 buckler
rNeg    . . .      Spirit   .   q - +2 scale mail of the Minstrel {Regen+ Dex+6}
rPois   .          Reflect  +   (helmet restricted)
rElec   .          Harm     .   D - +0 cloak
rCorr   .          Rampage  .   W - +2 pair of gloves
Will    .....                   R - +1 pair of boots of Weirdness {Drain rC++ Int+3}
Stlth   ++++......              K - amulet of reflection
HPRegen 1.09/turn               f - ring of protection from cold
MPRegen 0.14/turn               S - +4 ring of protection

@: heroic, constricted, drained
A: horns 2, retaliatory headbutt
a: Renounce Religion, Heroism, Finesse, Duel


You were on level 2 of the Abyss.
You worshipped Okawaru.
Okawaru was exalted by your worship.
You visited 3 branches of the dungeon, and saw 17 of its levels.
You visited the Abyss 1 time.
You also visited: Sewer, Gauntlet and Ice Cave.

You collected 1144 gold pieces.

Inventory:

Hand Weapons
 a - the +10 long sword of the Sky (weapon) {vorpal, Stlth+}
   (Okawaru gifted it to you on level 1 of the Lair of Beasts)

   It inflicts extra damage upon your enemies.
   Stlth:     It makes you more stealthy.
 b - a +0 scimitar of flaming
Armour
 c - a +0 buckler (worn)
 j - the +5 chain mail "Tuuhyqia" {rC+}
   (You found it in an ice cave)

   rC:        It protects you from cold.
 q - the +2 scale mail of the Minstrel (worn) {Regen+ Dex+6}
   (Okawaru gifted it to you on level 8 of the Dungeon)

   Dex:       It affects your dexterity (+6).
   Regen:     It increases your rate of health regeneration.
 w - a +0 plate armour
 D - a +0 cloak (worn)
 R - the +1 pair of boots of Weirdness (worn) {Drain rC++ Int+3}
   (You found it in a Gauntlet)

   Int:       It affects your intelligence (+3).
   rC:        It greatly protects you from cold.
   Drain:     It drains your maximum health when unequipped.
 W - a +2 pair of gloves (worn)
Jewellery
 f - a ring of protection from cold (left hand)
 o - a ring of fire
 r - a ring of protection from cold
 u - a ring of ice
 B - a ring of resist corrosion
 G - a ring of fire
 I - a ring of poison resistance
 K - an amulet of reflection (around neck)
 N - a ring of wizardry
 S - a +4 ring of protection (right hand)
 T - an amulet of guardian spirit
Wands
 t - a wand of polymorph (21)
 v - a wand of flame (27)
 H - a wand of mindburst (10)
 L - a wand of iceblast (7)
 M - a wand of acid (5)
Scrolls
 g - a scroll of brand weapon
 k - 6 scrolls of teleportation
 l - 2 scrolls of holy word
 s - 4 scrolls of fear
 x - 2 scrolls of immolation
 y - 2 scrolls of magic mapping
 z - a scroll of summoning
 A - 3 scrolls of blinking
 C - a scroll of amnesia
 E - a scroll of noise
 F - 3 scrolls of fog
 O - a scroll of enchant weapon
 P - a scroll of enchant armour
 Q - 5 scrolls of identify
Potions
 d - a potion of berserk rage {unknown}
 e - 7 potions of brilliance
 h - 6 potions of curing
 i - 4 potions of resistance
 m - 2 potions of mutation
 n - a potion of invisibility
 p - 5 potions of heal wounds
 J - 2 potions of magic
 U - a potion of ambrosia
Miscellaneous
 V - a tin of tremorstones (2/2)


   Skills:
 + Level 13.6(18.6) Fighting
 + Level 15.7(20.7) Long Blades
 + Level 12.6(17.6) Armour
 + Level 6.2(11.2) Dodging
 + Level 2.7(7.7) Stealth
 + Level 12.7(17.7) Shields
 + Level 3.7 Invocations
 + Level 0.2 Evocations


You had 12 spell levels left.
You didn't know any spells.
Your spell library contained the following spells:

 Spells                   Type           Power      Damage    Failure   Level
 Foxfire                  Conj/Fire      0%         2x1d4     65%         1
 Shock                    Conj/Air       0%         1d3       65%         1
 Sublimation of Blood     Necr           0%         N/A       78%         2
 Wereblood                Tmut           0%         N/A       78%         2
 Confusing Touch          Hex            0%         N/A       95%         3
 Conjure Flame            Conj/Fire      0%         6-21      95%         3
 Ignite Poison            Fire/Tmut/Pois 0%         N/A       95%         3
 Inner Flame              Hex/Fire       0%         N/A       95%         3
 Mephitic Cloud           Conj/Pois/Air  0%         N/A       95%         3
 Ozocubu's Armour         Ice            0%         N/A       95%         3
 Swiftness                Air            0%         N/A       95%         3
 Airstrike                Air            0%         N/A       100%        4
 Anguish                  Hex/Necr       0%         N/A       100%        4
 Flame Wave               Conj/Fire      0%         2d4       100%        4
 Passage of Golubria      Tloc           0%         N/A       100%        4
 Petrify                  Tmut/Erth      0%         N/A       100%        4
 Freezing Cloud           Conj/Ice/Air   0%         6-21      100%        5
 Irradiate                Conj/Tmut      0%         3d13      100%        5
 Silence                  Hex/Air        0%         N/A       100%        5
 Yara's Violent Unravell  Hex/Tmut       0%         3d3       100%        5
 Enfeeble                 Hex            0%         N/A       100%        7
 Ozocubu's Refrigeration  Ice            0%         4d5       100%        7
 Lehudib's Crystal Spear  Conj/Erth      0%         10d2      100%        8
 Tukima's Dance           Hex            Unusable   N/A       N/A         3
 Summon Hydra             Summ           Unusable   N/A       N/A         7

Dungeon Overview and Level Annotations

Branches:
Dungeon (12/15)            Temple (1/1) D:4            Lair (4/6) D:11
  Swamp (0/4) Lair:3       Spider (0/4) Lair:3          Orc (0/2) D:11
  Sewer (visited)           IceCv (visited)         Gauntlet (visited)

Altars:
Cheibriados
Dithmenos
Elyvilon
Hepliaklqana
Kikubaaqudgha
Makhleb
Okawaru
Ru
Sif Muna
Trog
Uskayaw
Vehumet
Wu Jian
Xom
Yredelemnul
Zin
The Shining One

Shops:
D:10 (

Annotations:
D:4 3 runed translucent doors, Flure's ghost, novice KoBr
Lair:3 3 runed translucent doors, Irhican's ghost, journeyman MiBe


Innate Abilities, Weirdness & Mutations

You have a pair of horns on your head.
You reflexively headbutt those who attack you in melee.


Message History

The spectral titan completely resists.
The spectral fenstrider witch closely misses you.
The spectral fenstrider witch barely misses you.
The spectral titan hits you!!
* * * LOW HITPOINT WARNING * * *
You feel drained.
* * * LOW HITPOINT WARNING * * *
You hit the revenant but do no damage.
The revenant is heavily damaged.
The spectral anaconda misses you. You furiously retaliate!
You headbutt the spectral anaconda, but do no damage.
The spectral anaconda constricts you. The spectral fenstrider witch hits you!
* * * LOW HITPOINT WARNING * * *
The spectral fenstrider witch misses you.
The revenant conjures spectral mists around you.
The spectral mist engulfs you but does no damage.
The spectral anaconda completely misses you.
You furiously retaliate!
You headbutt the spectral anaconda! The spectral anaconda constricts you.
You barely miss the revenant.
The revenant is heavily damaged.
You are engulfed in spectral mist.
You block the spectral titan's attack.
The spectral anaconda barely misses you.
You furiously retaliate!
You headbutt the spectral anaconda. The spectral anaconda constricts you.
* * * LOW HITPOINT WARNING * * *
The spectral fenstrider witch closely misses you.
You furiously retaliate!
You headbutt the spectral fenstrider witch.
The spectral fenstrider witch kicks you but does no damage.
You block the spectral caustic shrike's attack.
The white imp is engulfed in spectral mist.
You slice the revenant!! You headbutt the revenant!
The revenant is almost destroyed.
You are engulfed in spectral mist.
The revenant conjures spectral mists around you.
The spectral mist engulfs you but does no damage.
You block the spectral caustic shrike's attack.
The spectral anaconda bites you!
You die...

#####..#
#......#
#......#
#......#
#.○☼...#
#Z☼....#
#.○.°..##.
#ZZ°.....#
#@Z°...#...
#zZ☼......
#5§☼.#..##
#.Z.....#
#.......#
#..#.#..#
#.......#
.#
#.......#
.##
#.......#
..


You could see a revenant, a spectral anaconda (summoned), a spectral alligator
snapping turtle (summoned), a spectral centaur warrior (summoned), a spectral
titan (summoned), a spectral caustic shrike (summoned), a spectral fenstrider
witch (summoned) and a white imp.

Vanquished Creatures
  A minotaur (Gauntlet)
  4 hydras
  2 catoblepae (Lair:4)
  A centaur warrior (D:8)
  4 two-headed ogres
  Nergalle (Lair:4)
  Sonja (Lair:3)
  5 skeletal warriors (D:11)
  3 oklob plants
  3 ugly things
  A manticore (D:11)
  3 ice statues (IceCv)
  An elephant (Lair:4)
  3 cane toads
  A black mamba (Lair:3)
  An eye of devastation (Gauntlet)
  A demonic crawler (Lair:3)
  An entropy weaver simulacrum (IceCv)
  7 komodo dragons
  An efreet (D:8)
  2 ice devils (Lair:3)
  6 trolls
  3 meliai (Gauntlet)
  6 blink frogs
  A hornet (D:9)
  A shadow (D:11)
  2 wraiths
  30 yaks
  A vampire (D:11)
  A dire elephant simulacrum (IceCv)
  4 steam dragons
  2 vampire mosquitoes (D:10)
  4 basilisks
  2 death yak simulacra (IceCv)
  A chaos spawn (Abyss:2)
  A harpy simulacrum (IceCv)
  A two-headed ogre zombie (D:11)
  2 swamp worms (Gauntlet)
  3 acid dragons
  A hell hound (Abyss:2)
  12 water moccasins
  2 floating eyes (Gauntlet)
  2 hornet zombies
  Pargi (Sewer)
  3 ice beasts
  A sky beast (D:6)
  2 orc warriors
  A black bear (Lair:1)
  2 necrophages
  An ogre (D:6)
  10 wolves
  8 centaurs
  2 phantoms
  6 bullfrogs
  A gnoll sergeant (D:6)
  5 scorpions
  2 water moccasin zombies
  A killer bee (D:8)
  2 elephant simulacra (IceCv)
  2 troll zombies (D:11)
  2 electric eels (D:10)
  8 howler monkeys
  10 wights
  3 hounds
  3 centaur zombies
  2 gnoll shamans
  3 jellies
  A small abomination (Abyss:2)
  8 orc priests
  Crazy Yiuf (D:7)
  A centaur skeleton (D:6)
  2 iguanas
  A bullfrog skeleton (D:6)
  5 orc wizards
  Terence (D:3)
  A polar bear simulacrum (IceCv)
  5 ogre zombies (D:11)
  2 hound skeletons (D:4)
  3 gnolls (D:8)
  2 adders
  An adder skeleton (D:4)
  3 worms (Lair:3)
  A dart slug (D:4)
  23 orcs
  6 ball pythons
  4 bats
  10 endoplasms
  3 giant cockroaches
  11 goblins
  10 hobgoblins
  12 jackals
  A quokka (D:1)
  3 frilled lizards (Sewer)
  3 goblin zombies (D:11)
  A hobgoblin skeleton (D:11)
  2 hobgoblin zombies (D:11)
  7 kobolds
  4 orc skeletons (D:11)
  14 orc zombies (D:11)
  3 rats
371 creatures vanquished.

Vanquished Creatures (others)
  10 demonic plants (Gauntlet)
  17 fungi
  A lurking horror (Abyss:2)
  43 plants
71 creatures vanquished.

Grand Total: 442 creatures vanquished

Notes
Turn   | Place    | Note
-------+----------+-------------------------------------------
     0 | D:1      | Peloso the Minotaur Fighter began the quest for the Orb.
     0 | D:1      | Reached XP level 1. HP: 19/19 MP: 0/0
   290 | D:1      | Reached XP level 2. HP: 27/27 MP: 1/1
   842 | D:1      | Reached XP level 3. HP: 33/33 MP: 2/2
  1235 | D:2      | Found a faded altar of an unknown god.
  1237 | D:2      | Reached skill level 3 in Long Blades
  1669 | D:3      | Reached skill level 4 in Long Blades
  1669 | D:3      | Reached XP level 4. HP: 37/40 MP: 3/3
  1768 | D:3      | Noticed Terence
  1778 | D:3      | Killed Terence
  2511 | D:4      | Found a runed translucent gate.
  2511 | D:4      | Found a runed translucent gate.
  2511 | D:4      | Found a runed translucent gate.
  2511 | D:4      | Noticed Flure's ghost (novice KoBr)
  2552 | D:4      | Reached XP level 5. HP: 46/46 MP: 4/4
  2583 | D:4      | Found a glowing drain.
  2592 | Sewer    | Entered a sewer
  2686 | Sewer    | Noticed Pargi
  2704 | Sewer    | Killed Pargi
  2705 | Sewer    | Reached skill level 5 in Long Blades
  2705 | Sewer    | Reached skill level 1 in Dodging
  2986 | D:4      | Reached skill level 5 in Armour
  2986 | D:4      | Reached XP level 6. HP: 43/53 MP: 5/5
  3260 | D:4      | Noticed an ice beast
  3269 | D:4      | Killed an ice beast
  3270 | D:4      | Reached skill level 6 in Long Blades
  3270 | D:4      | Reached skill level 5 in Shields
  3273 | D:4      | Reached XP level 7. HP: 53/60 MP: 6/6
  3317 | D:4      | Found a shimmering altar of Xom.
  3546 | D:4      | Found a staircase to the Ecumenical Temple.
  3560 | D:4      | Reached skill level 5 in Fighting
  3568 | Temple   | Entered the Ecumenical Temple
  3586 | Temple   | Became a worshipper of Warmaster Okawaru
  3973 | D:5      | Entered Level 5 of the Dungeon
  4316 | D:5      | Found a white marble altar of Elyvilon.
  4317 | D:5      | Found a shimmering blue altar of Sif Muna.
  4317 | D:5      | Found a shadowy altar of Dithmenos.
  4318 | D:5      | Found a sacrificial altar of Ru.
  4320 | D:5      | Found a snail-covered altar of Cheibriados.
  4322 | D:5      | Found an ancient bone altar of Kikubaaqudgha.
  4525 | D:5      | Reached skill level 7 in Long Blades
  5032 | D:6      | Reached * piety under Okawaru
  5033 | D:6      | Reached XP level 8. HP: 49/70 MP: 7/7
  5206 | D:6      | Reached skill level 8 in Long Blades
  5206 | D:6      | Found a glowing golden altar of the Shining One.
  5527 | D:6      | Reached ** piety under Okawaru
  5753 | D:6      | Reached skill level 9 in Long Blades
  6347 | D:6      | Reached XP level 9. HP: 78/78 MP: 8/8
  6696 | D:7      | Reached *** piety under Okawaru
  6697 | D:7      | Reached skill level 10 in Long Blades
  7955 | D:7      | Found a runed translucent door.
  7956 | D:7      | Noticed Crazy Yiuf
  8219 | D:7      | Killed Crazy Yiuf
  8592 | D:8      | Reached **** piety under Okawaru
  8600 | D:8      | Reached skill level 1 in Invocations
  8615 | D:8      | Reached skill level 11 in Long Blades
  8619 | D:8      | Noticed a troll
  8628 | D:8      | Killed a troll
  8697 | D:8      | Noticed a centaur warrior
  8712 | D:8      | Killed a centaur warrior
  8713 | D:8      | Reached XP level 10. HP: 23/88 MP: 8/10
  9027 | D:8      | Reached ***** piety under Okawaru
  9142 | D:8      | Noticed a two-headed ogre
  9415 | D:8      | Reached skill level 12 in Long Blades
  9642 | D:8      | Identified the +2 scale mail of the Minstrel {Regen+ Dex+6}
                  | (Okawaru gifted it to you on level 8 of the Dungeon)
  9642 | D:8      | Received a gift from Okawaru
 10108 | D:9      | Reached skill level 10 in Armour
 10138 | D:9      | Noticed a two-headed ogre
 10150 | D:9      | Killed a two-headed ogre
 10151 | D:9      | Reached skill level 1 in Stealth
 10403 | D:9      | Reached skill level 13 in Long Blades
 10521 | D:9      | You fall into a shaft and drop 2 floors!
 10526 | D:11     | Found a radiant altar of Vehumet.
 10554 | D:10     | Entered Level 10 of the Dungeon
 10554 | D:10     | Found Teruos's Weapon Shop.
 10920 | D:9      | Paralysed by a hornet for 2 turns
 11374 | D:10     | Reached XP level 11. HP: 87/97 MP: 11/11
 11517 | D:10     | Noticed a two-headed ogre
 11525 | D:10     | Killed a two-headed ogre
 11930 | D:11     | Found a staircase to the Lair.
 11930 | D:11     | Noticed an oklob plant
 11944 | D:11     | Killed an oklob plant
 12093 | D:11     | Noticed a skeletal warrior
 12093 | D:11     | Noticed a skeletal warrior
 12093 | D:11     | Noticed a skeletal warrior
 12093 | D:11     | Noticed a skeletal warrior
 12098 | D:11     | Killed a skeletal warrior
 12107 | D:11     | Killed a skeletal warrior
 12107 | D:11     | Noticed a skeletal warrior
 12108 | D:11     | Reached skill level 10 in Fighting
 12119 | D:11     | Killed a skeletal warrior
 12120 | D:11     | Reached skill level 14 in Long Blades
 12126 | D:11     | Killed a skeletal warrior
 12136 | D:11     | Killed a skeletal warrior
 12341 | D:11     | Noticed a brown ugly thing
 12350 | D:11     | Killed a brown ugly thing
 12649 | D:11     | Found a staircase to the Orcish Mines.
 13258 | Lair:1   | Entered Level 1 of the Lair of Beasts
 13319 | Lair:1   | Identified the +10 long sword of the Sky {vorpal, Stlth+}
                  | (Okawaru gifted it to you on level 1 of the Lair of Beasts)
 13319 | Lair:1   | Received a gift from Okawaru
 13320 | Lair:1   | Reached XP level 12. HP: 102/108 MP: 13/13
 13519 | Lair:1   | Reached skill level 10 in Shields
 14315 | Lair:2   | Noticed a five-headed hydra
 14332 | Lair:2   | Killed a one-headed hydra
 14830 | Lair:3   | Found a gate leading to a gauntlet.
 14839 | Gauntlet | Entered a Gauntlet
 14839 | Gauntlet | Found a transporter.
 14848 | Gauntlet | Found a transporter.
 14852 | Gauntlet | Found a transporter.
 14852 | Gauntlet | Found a transporter.
 14867 | Gauntlet | Found a transporter.
 14883 | Gauntlet | Found a transporter.
 14889 | Gauntlet | Found a transporter.
 14906 | Gauntlet | Found a transporter.
 14915 | Gauntlet | Found the +3 pair of seven-league boots {Rampage+∞}
 14923 | Gauntlet | Found a transporter.
 14935 | Gauntlet | Found a transporter.
 14936 | Gauntlet | Noticed a hell hog
 14946 | Gauntlet | Noticed a ghost crab
 14947 | Gauntlet | Found a transporter.
 14956 | Gauntlet | Found a transporter.
 14971 | Gauntlet | Found a transporter.
 14988 | Gauntlet | Found a transporter.
 15005 | Gauntlet | Found a transporter.
 15007 | Gauntlet | Found a transporter.
 15019 | Gauntlet | Noticed a catoblepas
 15037 | Gauntlet | Found a transporter.
 15039 | Gauntlet | Found a transporter.
 15072 | Gauntlet | Paralysed by a floating eye for 4 turns
 15155 | Gauntlet | Identified the +1 pair of boots of Weirdness {Drain rC++
                  | Int+3}
 15164 | Gauntlet | Noticed a minotaur
 15177 | Gauntlet | Killed a minotaur
 15177 | Gauntlet | Identified the +5 ring mail "Wuuh" {rF- rC+ rCorr SInv}
                  | (Okawaru gifted it to you in a Gauntlet)
 15177 | Gauntlet | Received a gift from Okawaru
 15177 | Gauntlet | Reached ****** piety under Okawaru
 15178 | Gauntlet | Reached skill level 15 in Long Blades
 15178 | Gauntlet | Reached skill level 5 in Dodging
 15213 | Lair:3   | Found a frozen archway.
 15227 | IceCv    | Entered an ice cave
 15546 | IceCv    | Identified the +5 chain mail "Tuuhyqia" {rC+}
 15618 | Lair:3   | Found a runed translucent gate.
 15619 | Lair:3   | Found a runed translucent gate.
 15621 | Lair:3   | Found a runed translucent gate.
 15629 | Lair:3   | Noticed Irhican's ghost (journeyman MiBe)
 15636 | Lair:3   | Found a hole to the Spider Nest.
 15666 | Lair:3   | Noticed a six-headed hydra
 15677 | Lair:3   | Killed a one-headed hydra
 15782 | Lair:3   | Noticed a seven-headed hydra
 15789 | Lair:3   | Noticed Sonja
 15799 | Lair:3   | Killed Sonja
 15800 | Lair:3   | Reached XP level 13. HP: 116/119 MP: 14/14
 16211 | Lair:3   | Found a staircase to the Swamp.
 16265 | Lair:3   | Received a gift from Okawaru
 16840 | Lair:4   | Noticed Nergalle
 16851 | Lair:4   | Killed Nergalle
 17698 | D:12     | Cast into level 2 of the Abyss (a wizard)
 17698 | Abyss:2  | Found a corrupted altar of Lugonu.
 17767 | Abyss:2  | Noticed a revenant
 17780 | Abyss:2  | Slain by a spectral anaconda

Illustrated notes

Levels and vault maps discovered:
D:1:      roderic_octagonal_star, layout_rooms, hangedman_abyss_or_decor_stabs
D:2:      layout_loops_ring, dreamdust_ecumenical_altar_grove
D:3:      layout_basic, uniq_terence
D:4:      layout_loops_ring, overflow_temple_1_default,
          minmay_temple_entry_nine_rooms, ebering_ghost_rock_garden,
          portal_sewer_entry_d, minmay_vboxes
D:5:      layout_loops_ring, minitemple
D:6:      layout_basic, nicolae_tso_carved_into_rock, minmay_crossroads
D:7:      layout_gridville, st_stairs_4, lemuel_flamethrower_2,
          uniq_crazy_yiuf_cottage
D:8:      layout_gridville, chequers_mini_garden, minmay_shattered_shrine
D:9:      layout_long_grid, kennysheep_generic_room_15
D:10:     layout_gridville, serial_shops, nicolae_shop_crystal,
          serial_bayou_pond_b
D:11:     layout_layer_cave, dpeg_oklobed_lair, zombieorc2_lemuel,
          vehumet_crystals
D:12:     layout_cave_pools, st_stairs_6, lightli_wizard_tower
Temple:   nicolae_temple_great_sept
Lair:1:   layout_cave_pods, grunt_megastairs_4
Lair:2:   layout_loops_ring
Lair:3:   layout_regular_city, minmay_swamp_entry_reptiles,
          nicolae_spider_entry_non_spiders, gauntlet_entry_generic,
          portal_ice_cave_demonic_guard, ebering_ghost_rock_garden,
          infiniplex_staircase_pool_2, grunt_megastairs_3, serial_bayou_shore_a,
          uniq_sonja
Lair:4:   layout_gridlike, st_stairs_11, chequers_serial_rivers_large_b,
          uniq_nergalle
Abyss:2:  base: D:9, minivault_24

Skill      XL: |  1  2  3  4  5  6  7  8  9 10 11 12 13 |
---------------+----------------------------------------+-----
Shields        | 4 5 6 7 9 11 12 | 12.7
Armour         | 4 5 6 7 9 10 11 12 | 12.6
Fighting       | 4 5 6 8 9 10 12 13 | 13.6
Long Blades    | 4 5 6 7 9 11 13 14 15 | 15.7
Dodging        | 1 2 4 5 6 |  6.2
Invocations    | 1 2 3 |  3.7
Stealth        | 1 2 |  2.7
Evocations     | |  0.2

Action                   |  1- 3 |  4- 6 |  7- 9 | 10-12 | 13-15 || total
-------------------------+-------+-------+-------+-------+-------++-------
Melee: Long sword        |    93 |   109 |   260 |   559 |   174 ||  1195
       Headbutt          |     9 |    11 |    55 |   137 |    50 ||   262
       Scimitar          |       |       |       |    26 |    14 ||    40
Invok: Heroism           |       |       |     4 |    17 |     1 ||    22
Evoke: Wand              |       |       |       |     1 |       ||     1
  Use: Scroll            |       |    10 |     2 |     8 |       ||    20
       Potion            |       |     5 |       |     3 |       ||     8
 Stab: Sleeping          |       |       |       |     1 |       ||     1
Armor: Scale mail        |    81 |     6 |       |   133 |    71 ||   291
       Chain mail        |       |    65 |    24 |       |       ||    89
       Plate armour      |       |       |   113 |    17 |       ||   130
Dodge: Dodged            |    56 |    39 |    71 |   205 |    93 ||   464
Block: Buckler           |    37 |    22 |    68 |   246 |   123 ||   496
       Reflection        |       |       |       |     9 |     2 ||    11
